 Dungeon Crawl Stone Soup version 0.29-a0-648-g6b26cc9 (webtiles) character file.

Game seed: 12395027987471682849

32286 Dawnplanks the Basher (level 13, -1/82 HPs)
             Began as a Gargoyle Berserker on June 20, 2022.
             Was a High Priest of Trog.
             Slain by a wyvern (8 damage)
             ... on level 6 of the Lair of Beasts.
             The game lasted 00:36:29 (16886 turns).

Dawnplanks the Basher (Gargoyle Berserker)         Turns: 16886, Time: 00:36:30

Health: -1/82      AC: 28    Str: 25    XL:     13   Next: 63%
Magic:  13/13      EV: 10    Int:  9    God:    Trog [*****.]
Gold:   1060       SH: 17    Dex: 15    Spells: 12/12 levels left

rFire   + + .      SeeInvis .   o - +3 flail (drain)
rCold   . . .      Faith    .   m - +0 kite shield
rNeg    + . .      Spirit   .   Z - +3 chain mail {rF+}
rPois   ∞          Reflect  +   X - +2 hat
rElec   +          Harm     .   R - +0 cloak
rCorr   .          Rampage  .   p - +0 pair of gloves
Will    ++...                   (no boots)
Stlth   ..........              C - amulet of reflection
HPRegen 1.23/turn               K - +6 ring of dexterity
MPRegen 0.13/turn               O - ring of protection from fire

@: strong-willed, frozen, mesmerised, regenerating, very slow
A: sickness immunity, AC +9, negative energy resistance 1, electricity
resistance, torment resistance 1, petrification resistance
a: Renounce Religion, Berserk, Trog's Hand, Brothers in Arms


You were on level 6 of the Lair of Beasts.
You worshipped Trog.
Trog was extremely pleased with you.
You visited 3 branches of the dungeon, and saw 18 of its levels.
You also visited: Sewer, Ossuary and Volcano.

You collected 1060 gold pieces.

Inventory:

Hand Weapons
 o - a +3 flail of draining (weapon)
 W - a +5 antimagic great mace
Missiles
 u - 5 javelins (quivered)
 D - 2 throwing nets
 H - 5 curare-tipped darts
Armour
 m - a +0 kite shield (worn)
 p - a +0 pair of gloves (worn)
 R - a +0 cloak (worn)
 T - +0 acid dragon scales
 U - a +0 troll leather armour
 X - a +2 hat (worn)
 Z - a +3 chain mail of fire resistance (worn)
Jewellery
 i - a +6 ring of intelligence
 C - an amulet of reflection (around neck)
 I - a ring of magical power
 K - a +6 ring of dexterity (left hand)
 O - a ring of protection from fire (right hand)
Wands
 h - a wand of mindburst (5)
 j - a wand of iceblast (3)
 t - a wand of digging (4)
 F - a wand of flame (8)
Scrolls
 b - a scroll of summoning {unknown}
 c - a scroll of brand weapon {unknown}
 e - 3 scrolls of fear {unknown}
 n - 8 scrolls of teleportation
 v - 6 scrolls of fog {unknown}
 w - 3 scrolls of vulnerability {unknown}
 x - a scroll of torment
 y - 2 scrolls of silence {unknown}
 A - 5 scrolls of noise {unknown}
 B - 4 scrolls of blinking {unknown}
 G - 2 scrolls of amnesia {unknown}
 M - 2 scrolls of magic mapping {unknown}
 N - 3 scrolls of enchant armour
 Q - a scroll of enchant weapon {unknown}
 V - 5 scrolls of poison {unknown}
Potions
 a - 6 potions of curing
 d - 4 potions of mutation
 f - 2 potions of brilliance
 g - 3 potions of flight
 k - 5 potions of attraction
 l - 3 potions of berserk rage
 q - 7 potions of cancellation
 r - 2 potions of heal wounds
 s - 2 potions of ambrosia
 z - 5 potions of lignification {unknown}
 E - 2 potions of magic
 J - 4 potions of degeneration {unknown}
 L - a potion of might {unknown}
 P - a potion of resistance {unknown}
 S - a potion of haste {unknown}
 Y - a potion of invisibility {unknown}


   Skills:
 + Level 9.8 Fighting
 + Level 14.6 Maces & Flails
 + Level 9.1 Armour
 + Level 6.3 Dodging
 + Level 12.8 Shields


You had 12 spell levels left.
You didn't know any spells.
Your spell library contained the following spells:

 Spells                   Type           Power      Damage    Failure   Level
 Necrotize                Necr           0%         1d4       99%         1
 Blink                    Tloc           0%         N/A       99%         2
 Call Canine Familiar     Summ           0%         N/A       100%        3
 Portal Projectile        Hex/Tloc       0%         N/A       100%        3
 Vampiric Draining        Necr           0%         2d6       100%        3
 Animate Dead             Necr           0%         N/A       100%        4
 Hailstorm                Conj/Ice       0%         3d3       100%        4
 Ice Form                 Ice/Tmut       0%         N/A       100%        4
 Leda's Liquefaction      Hex/Erth       0%         N/A       100%        4
 Agony                    Necr           0%         N/A       100%        5
 Borgnjor's Vile Clutch   Necr/Erth      0%         N/A       100%        5
 Manifold Assault         Tloc           0%         N/A       100%        5
 Death Channel            Necr           0%         N/A       100%        6
 Simulacrum               Ice/Necr       0%         N/A       100%        6
 Storm Form               Tmut/Air       0%         N/A       100%        7


Dungeon Overview and Level Annotations

Branches:
Dungeon (11/15)            Temple (1/1) D:7            Lair (6/6) D:10
  Swamp (0/4) Lair:3        Snake (0/4) Lair:3          Orc (0/2) D:11
  Sewer (visited)         Ossuary (visited)         Volcano (visited)
  Slime: Lair:5-6

Altars:
Ashenzari
Cheibriados
Dithmenos
Elyvilon
Fedhas
Gozag
Hepliaklqana
Kikubaaqudgha
Makhleb
Nemelex Xobeh
Okawaru
Qazlal
Ru
Sif Muna
Trog
Uskayaw
Vehumet
Wu Jian
Xom
Yredelemnul
Zin
The Shining One

Shops:
D:7 (   D:10 (


Innate Abilities, Weirdness & Mutations

You are immune to sickness and miasma.
Your stone body is resilient. (AC +9)
You are immune to poison.
You resist negative energy. (rN+)
You are resistant to electric shocks. (rElec)
You are resistant to unholy torment.
You are immune to petrification.


Message History

The merfolk avatar chants its luring song.
You block the wyvern's attack. The wind drake flaps its wings at you.
The air twists around and strikes you! You block the hornet's attack.
The wyvern bites you but does no damage.
There is a stone staircase leading up here.
You cannot move away from the merfolk avatar!
You cannot move away from the merfolk avatar!
As you read the scroll of teleportation, it crumbles to dust.
You feel strangely stable. The harpy claws you but does no damage.
You block the harpy's attack.
The wyvern bites you but does no damage.
The hornet stings you but does no damage.
The rime drake breathes ice at you. The flash freeze hits you.
You are encased in ice.
The wyvern bites you!
* * * LOW HITPOINT WARNING * * *
The harpy claws you but does no damage. You block the harpy's attack.
You block the wyvern's attack.
Your skin crawls.
You feel strong-willed. You block the hornet's attack. The wyvern misses you.
You block the harpy's attack. The harpy claws you.
* * * LOW HITPOINT WARNING * * *
You block the rime drake's attack.
The wyvern bites you but does no damage.
The hornet stings you but does no damage.
You block the wyvern's attack.
The snapping turtle bites you but does no damage.
You fail to use your ability.
The harpy claws you!
* * * LOW HITPOINT WARNING * * *
You block the harpy's attack.
The wyvern bites you but does no damage.
You block the rime drake's attack. You block the elephant's attack.
The elephant misses you.
The merfolk avatar chants its luring song.
The hornet stings you but does no damage.
The wyvern bites you!
You die...

...............
...............
.............. ...
#........... PP..#
#........#..
.P.$.##..........
.......##....#.#..
.........Y.y......
≈≈§§..m.Hl@...#...
#≈....tlkl......
≈##≈......k..P##..
≈P≈≈.........P# .
≈≈.≈.≈≈.≈≈≈.≈≈≈≈.
≈#≈≈≈##≈≈##≈≈##≈≈
#≈≈≈ ≈≈≈# ≈≈# ≈≈#
.P≈ .≈≈≈≈ .≈≈P ≈≈
≈≈ k≈.≈≈≈≈≈≈≈P≈


You could see a merfolk avatar (mesmerising, drained), an elephant, a snapping
turtle, a wind drake (repels missiles), a komodo dragon, a harpy, a rime drake,
a hornet and 2 wyverns.

Vanquished Creatures
  Gastronok (Lair:1)
  3 death yaks
  Nergalle (Lair:3)
  Pikel (D:9)
  An ugly thing (D:11)
  5 elephants
  11 cane toads
  3 torpor snails
  Maggie (D:6)
  3 unseen horror zombies (D:8)
  A rime drake (Lair:3)
  7 komodo dragons
  4 polar bears
  7 dream sheep (Lair:4)
  7 blink frogs
  20 yaks
  A shadow (D:10)
  2 wraiths (D:10)
  Eustachio (D:5)
  3 wyverns
  2 basilisks
  A fire elemental (Volcano)
  Menkaure (D:5)
  2 steam dragons
  A naga (Lair:3)
  Edmund (D:6)
  An acid dragon (D:10)
  19 water moccasins
  2 hell hounds (Lair:1)
  4 ice beasts
  3 orc warriors
  A black bear (D:10)
  3 sky beasts
  An ogre (D:6)
  10 wolves
  4 centaurs
  A lemure (D:9)
  A phantom (D:5)
  4 kobold brigands
  14 bullfrogs
  14 scorpions
  2 necrophages
  An earth elemental (Volcano)
  2 wights (D:8)
  6 killer bees (D:8)
  7 howler monkeys
  4 electric eels (D:7)
  2 centaur zombies (Ossuary)
  2 jellies
  A gnoll shaman (D:8)
  4 hounds
  7 orc priests
  6 human zombies (Ossuary)
  3 iguanas
  15 orc wizards
  4 scorpion zombies (Ossuary)
  5 hell rats (Lair:3)
  4 killer bee zombies (D:8)
  3 mummies (Ossuary)
  A howler monkey zombie (D:8)
  12 gnolls
  4 adders
  A worm (D:4)
  3 dart slugs
  32 orcs
  8 ball pythons
  4 endoplasms
  13 giant cockroaches
  5 goblins
  2 hobgoblins
  21 kobolds
  5 quokkas
  5 bats
  11 frilled lizards
  5 goblin zombies (Ossuary)
  2 hobgoblin zombies (Ossuary)
  A kobold zombie (Ossuary)
  8 rats
394 creatures vanquished.

Vanquished Creatures (collateral kills)
  A boulder beetle (D:11)
  A deep elf pyromancer (D:9)
  A manticore (D:10)
  A troll (D:10)
  An acid dragon (D:10)
  A naga (Lair:3)
  An orc wizard (D:9)
  An orc (D:9)
8 creatures vanquished.

Vanquished Creatures (others)
  18 fungi
  21 plants
39 creatures vanquished.

Grand Total: 441 creatures vanquished

Notes
Turn   | Place    | Note
-------+----------+-------------------------------------------
     0 | D:1      | Dawnplanks the Gargoyle Berserker began the quest for the
                  | Orb.
     0 | D:1      | Reached XP level 1. HP: 14/14 MP: 1/1
   298 | D:1      | Reached XP level 2. HP: 19/19 MP: 2/2
   827 | D:1      | Found a faded altar of an unknown god.
  1011 | D:2      | Reached XP level 3. HP: 21/24 MP: 3/3
  1971 | D:3      | Reached ** piety under Trog
  2172 | D:3      | Reached skill level 4 in Maces & Flails
  2179 | D:3      | Reached XP level 4. HP: 19/29 MP: 4/4
  2627 | D:3      | Reached XP level 5. HP: 22/33 MP: 5/5
  2719 | D:4      | Reached skill level 1 in Shields
  2744 | D:4      | Reached skill level 5 in Maces & Flails
  2967 | D:4      | Found a glowing drain.
  2972 | Sewer    | Entered a sewer
  2989 | Sewer    | Reached XP level 6. HP: 37/38 MP: 6/6
  3126 | Sewer    | Reached *** piety under Trog
  3865 | D:4      | Reached skill level 6 in Maces & Flails
  3865 | D:4      | Reached XP level 7. HP: 28/44 MP: 7/7
  4321 | D:5      | Entered Level 5 of the Dungeon
  4474 | D:5      | Found a sand-covered staircase.
  4487 | Ossuary  | Entered an ossuary
  4608 | Ossuary  | Reached skill level 7 in Maces & Flails
  4623 | Ossuary  | Reached XP level 8. HP: 34/48 MP: 8/8
  4976 | Ossuary  | Reached skill level 8 in Maces & Flails
  4983 | Ossuary  | Reached skill level 5 in Fighting
  5348 | D:5      | Reached skill level 9 in Maces & Flails
  5361 | D:5      | Reached XP level 9. HP: 54/54 MP: 9/9
  5365 | D:5      | Reached **** piety under Trog
  5588 | D:5      | Noticed Menkaure
  5597 | D:5      | Killed Menkaure
  5712 | D:5      | Noticed Eustachio
  5786 | D:5      | Killed Eustachio
  6012 | D:6      | Reached skill level 10 in Maces & Flails
  6026 | D:6      | Reached skill level 5 in Shields
  6142 | D:6      | Noticed Maggie
  6151 | D:6      | Killed Maggie
  6418 | D:6      | Noticed Edmund
  6427 | D:6      | Killed Edmund
  6428 | D:6      | Reached skill level 11 in Maces & Flails
  6428 | D:6      | Reached XP level 10. HP: 49/60 MP: 10/10
  6787 | D:7      | Found a staircase to the Ecumenical Temple.
  7055 | D:7      | Found Mewedad's Weapon Shop.
  7927 | Temple   | Entered the Ecumenical Temple
  8288 | D:8      | Reached skill level 12 in Maces & Flails
  8311 | D:8      | Reached ***** piety under Trog
  9006 | D:8      | Reached skill level 5 in Armour
  9410 | D:8      | Reached XP level 11. HP: 58/66 MP: 11/11
  9541 | D:9      | Noticed Pikel
  9552 | D:9      | Killed Pikel
 10018 | D:9      | Noticed a deep elf pyromancer
 10027 | D:9      | Killed a deep elf pyromancer
 10436 | D:10     | Entered Level 10 of the Dungeon
 10439 | D:10     | Noticed a manticore
 10445 | D:10     | Killed a manticore
 10615 | D:10     | Found a staircase to the Lair.
 10630 | D:10     | Reached skill level 13 in Maces & Flails
 10639 | D:10     | Reached skill level 5 in Dodging
 10746 | D:10     | Found an ornate altar of the Wu Jian Council.
 10942 | D:10     | Found Yttuttub's Antique Weapon Shop.
 11040 | D:10     | Received a gift from Trog
 11103 | D:11     | Found a staircase to the Orcish Mines.
 11141 | D:11     | Noticed a boulder beetle
 11144 | D:11     | Noticed a purple ugly thing
 11148 | D:11     | Killed a boulder beetle
 11154 | D:11     | Killed a purple ugly thing
 11181 | Lair:1   | Entered Level 1 of the Lair of Beasts
 11376 | Lair:1   | Reached XP level 12. HP: 73/73 MP: 12/12
 11476 | Lair:1   | Noticed Gastronok
 11498 | Lair:1   | Killed Gastronok
 11827 | Lair:1   | Found a dark tunnel.
 11847 | Volcano  | Entered a volcano
 11909 | Volcano  | Reached skill level 14 in Maces & Flails
 13206 | Lair:2   | Noticed a death yak
 13208 | Lair:2   | Noticed a death yak
 13212 | Lair:2   | Noticed a death yak
 13232 | Lair:2   | Killed a death yak
 13242 | Lair:3   | Found a staircase to the Snake Pit.
 13485 | Lair:2   | Killed a death yak
 13486 | Lair:2   | Reached skill level 10 in Shields
 14433 | Lair:3   | Killed a death yak
 14434 | Lair:3   | Reached XP level 13. HP: 41/80 MP: 13/13
 15247 | Lair:3   | Noticed Nergalle
 15266 | Lair:3   | Killed Nergalle
 15365 | Lair:3   | Found a staircase to the Swamp.
 15678 | Lair:4   | Identified the +1 cloak of the Fife {Harm}
 16854 | Lair:6   | Entered Level 6 of the Lair of Beasts
 16886 | Lair:6   | Slain by a wyvern

Illustrated notes

Levels and vault maps discovered:
D:1:      dreamdust_arrival_sigmund_warning, layout_basic,
          shapermc_ecumenical_altar_hornbeckon, kennysheep_decorative_pillar
D:2:      layout_rooms, amethyst_killhole
D:3:      layout_loops_corners
D:4:      layout_cave_pods, serial_column_ruins, column_ruins_grid_4,
          column_ruins_columns_T, column_ruins_grid_1,
          column_ruins_open_medium_water, column_ruins_open_tiny,
          column_ruins_open_medium, portal_sewer_entry_e, minmay_small_thing
D:5:      layout_basic, enter_ossuary_1, corexii_corridor_pit, uniq_eustachio,
          uniq_menkaure
D:6:      layout_cave_pools, uniq_edmund, uniq_maggie
D:7:      layout_cave_pools, minmay_temple_entry_offerings, serial_shops,
          shop_fountains, st_stairs_11, chequers_jeans, minivault_14,
          nicolae_lava_and_water, minmay_holes
D:8:      layout_basic, serial_undead, serial_undead_e, serial_undead_c,
          serial_undead_b, serial_undead_a
D:9:      layout_basic, hex_large, chequers_avenue, minivault_16,
          dreamdust_wishing_well, nicolae_wwwww, uniq_pikel
D:10:     layout_cave_pools, nzn_wu_jian_contemplation, david_lair_generic,
          corexii_checkpoint_a, kennysheep_small_square
D:11:     layout_irregular_city, orc_0_dummy, uniq_amaemon
Temple:   mainiacjoe_temple_hex_bubbles
Lair:1:   layout_cave_pods, enter_volcano_3, uniq_gastronok
Lair:2:   layout_cave_shapes, grunt_megastairs_2
Lair:3:   layout_long_grid, swamp_mist, minmay_snake_entry_guardpost_small,
          chequers_serial_rivers_marsh, serial_bayou_shore_b,
          grunt_megastairs_5, uniq_nergalle
Lair:4:   layout_loops_ring, grunt_megastairs_3
Lair:5:   layout_big_grid
Lair:6:   gammafunk_lair_ancient_temple, layout_gridlike,
          dpeg_slime_entry_corner, lemuel_oklob_altar

Skill      XL: |  1  2  3  4  5  6  7  8  9 10 11 12 13 |
---------------+----------------------------------------+-----
Maces & Flails | 4 5 6 7 9 11 12 13 14 | 14.6
Dodging        | 2 3 4 5 6 |  6.3
Fighting       | 4 5 6 7 8 9 |  9.8
Armour         | 3 4 5 6 8 9 |  9.1
Shields        | 1 2 3 5 7 9 11 12 | 12.8

Action                   |  1- 3 |  4- 6 |  7- 9 | 10-12 | 13-15 || total
-------------------------+-------+-------+-------+-------+-------++-------
Melee: Mace              |    48 |       |       |       |       ||    48
       Whip              |    21 |       |       |       |       ||    21
       Flail             |    42 |   162 |   343 |   832 |   316 ||  1695
Throw: Dart              |       |       |       |     2 |       ||     2
Invok: Berserk           |     1 |     2 |     5 |     9 |       ||    17
       Trog's Hand       |       |     1 |     3 |     2 |     1 ||     7
       Brothers in Arms  |       |       |       |     4 |       ||     4
  Use: Scroll            |       |       |     1 |    12 |     3 ||    16
       Potion            |       |       |       |     2 |     1 ||     3
 Stab: Distracted        |       |       |       |     1 |       ||     1
Armor: Animal skin       |    28 |       |       |       |       ||    28
       Chain mail        |    15 |   121 |   229 |   141 |   161 ||   667
       Ring mail         |    14 |       |    10 |       |       ||    24
       Steam dragon scal |       |       |     9 |   163 |       ||   172
       Skin              |       |       |     1 |       |       ||     1
       Troll leather arm |       |       |       |   117 |       ||   117
Dodge: Dodged            |    77 |    58 |   127 |   350 |   125 ||   737
Block: Kite shield       |    16 |    56 |   221 |   780 |   301 ||  1374
       Reflection        |       |       |     4 |    11 |     1 ||    16

Table legend: (Time is in decaauts)
 A = Elapsed time spent in this place.
 B = Non-inter-level travel time spent in this place.
 C = Inter-level travel time spent in this place.
 D = Time resting spent in this place.
 E = Time spent auto-exploring this place.
 F = Levels seen in this place.
 G = Mean time per level.
                   A        B        C        D        E       F      G
               +--------+--------+--------+--------+--------+-----+--------+
         Total |  17120 |  15715 |   1405 |   1476 |  10857 |  21 |  815.2 |
       Dungeon |   9712 |   9022 |    690 |    494 |   6841 |  11 |  882.9 |
        Temple |    308 |    233 |     75 |      0 |    226 |   1 |  308.0 |
          Lair |   4944 |   4304 |    640 |    447 |   2989 |   6 |  824.0 |
         Sewer |    668 |    668 |      0 |      0 |    304 |   1 |  668.0 |
       Ossuary |    796 |    796 |      0 |      0 |    471 |   1 |  796.0 |
       Volcano |    690 |    690 |      0 |    534 |     25 |   1 |  690.0 |
               +--------+--------+--------+--------+--------+-----+--------+

Top non-repeatable levels by time:
  Lair:3: 1325 daAuts
  Lair:1: 1316 daAuts
     D:8: 1261 daAuts
     D:3: 1248 daAuts
     D:7: 1190 daAuts
     D:4: 1100 daAuts
  Lair:4: 964 daAuts
  Lair:2: 959 daAuts
     D:5: 949 daAuts
     D:9: 891 daAuts
     D:1: 877 daAuts
     D:6: 817 daAuts
 Ossuary: 796 daAuts
    D:10: 699 daAuts
 Volcano: 690 daAuts
